 Dungeon Crawl Stone Soup version 0.23.0 (console) character file.

Game seed: 16367271415966002300

5769 Garrluk the Destroyer (level 10, -3/160 HPs)
             Began as an Ogre Fire Elementalist on Feb 17, 2019.
             Was an Elder of Vehumet.
             Slain by a death yak (8 damage)
             ... on level 10 of the Dungeon.
             The game lasted 00:31:01 (8441 turns).

Garrluk the Destroyer (Ogre Fire Elementalist)      Turns: 8441, Time: 00:31:02

Health: -3/160     AC: 25    Str: 19      XL:     10   Next: 78%
Magic:  3/22       EV:  1    Int: 19      God:    Vehumet [****..]
Gold:   859        SH:  0    Dex:  6 (9)  Spells: 9/25 levels left

rFire    . . .     SeeInvis .   i - +5 dire flail
rCold    . . .     Gourm    +   (shield currently unavailable)
rNeg     + + +     Faith    .   (armour currently unavailable)
rPois    +         Spirit   .   (helmet currently unavailable)
rElec    .         Reflect  .   (cloak currently unavailable)
rCorr    .         Harm     .   (gloves unavailable)
MR       +....     NoTele   +   (boots unavailable)
Stlth    +.........             p - amulet of the gourmand
HPRegen  0.36/turn              k - ring of positive energy
MPRegen  0.18/turn              (no ring)

@: mighty, tree-form
A: large, unfitting armour
a: Renounce Religion


You were on level 10 of the Dungeon.
You worshipped Vehumet.
Vehumet was greatly pleased with you.
You were full.
You were a tree.
You visited 1 branch of the dungeon, and saw 10 of its levels.
You also visited: Ossuary.

You collected 859 gold pieces.

Inventory:

Hand Weapons
 b - a +0 dagger
 e - a +2 vampiric short sword
 i - a +5 dire flail (weapon)
Armour
 a - a +0 robe (melded)
Jewellery
 k - a ring of positive energy (left branch)
 p - an amulet of the gourmand (around neck)
Wands
 A - a wand of random effects (12)
 B - a wand of flame (20)
 D - a wand of paralysis (3)
Scrolls
 d - 2 scrolls of fog {unknown}
 f - 9 scrolls of identify {unknown}
 g - 3 scrolls of remove curse {unknown}
 h - 5 scrolls of enchant armour {unknown}
 j - 8 scrolls of teleportation {unknown}
 l - 3 scrolls of noise {unknown}
 n - 4 scrolls of immolation {unknown}
 o - 2 scrolls of fear {unknown}
 u - 6 scrolls of magic mapping {unknown}
 y - 4 scrolls of amnesia {unknown}
 C - 2 scrolls of blinking {unknown}
Potions
 m - 4 potions of lignification
 q - 4 potions of agility
 r - 2 potions of haste {unknown}
 s - 2 potions of curing
 t - 4 potions of might
 w - 2 potions of mutation {unknown}
 x - 2 potions of resistance {unknown}
 z - a potion of flight
Miscellaneous
 F - a lightning rod (inert)
Comestibles
 c - 14 rations


   Skills:
 + Level 9.1 Fighting
 - Level 1.7 Dodging
 - Level 1.4 Stealth
 + Level 8.1 Spellcasting
 * Level 9.3 Conjurations
 + Level 7.0 Fire Magic


You had 9 spell levels left.
You knew the following spells:

 Your Spells              Type           Power        Failure   Level  Hunger
a - Flame Tongue          Conj/Fire      #####        1%          1    None
b - Sticky Flame          Conj/Fire      #####...     1%          4    ###....
c - Conjure Flame         Conj/Fire      #####...     1%          3    None
d - Mephitic Cloud        Conj/Pois/Air  ###.....     2%          3    None
D - Fireball              Conj/Fire      #####.....   2%          5    #####..

Your spell library contained the following spells:

 Spells                   Type           Power        Failure   Level  Hunger
 Olgreb's Toxic Radiance  Pois           #.......     22%         4    ###....
 Throw Flame              Conj/Fire      #####.       1%          2    None
 Inner Flame              Hex/Fire       ###.....     1%          3    None
 Poisonous Vapours        Pois/Air       #.....       14%         2    None
 Freezing Cloud           Conj/Ice/Air   ###.......   65%         6    ######.
 Ring of Flames           Chrm/Fire      ###.......   100%        7    #######


Dungeon Overview and Level Annotations

Branches:
Dungeon (10/15)            Temple (0/1) D:7
   Lair: D:8-11         Orc: D:9-12

Altars:
Dithmenos
Elyvilon
Fedhas
Hepliaklqana
Kikubaaqudgha
Qazlal
Vehumet
Xom
Zin
The Shining One

Shops:
D:8 =

Annotations:
D:9 1 runed translucent door, Enish's ghost, novice MiBe


Innate Abilities, Weirdness & Mutations

You are too large for most types of armour.
((You have tough skin. (AC +1)))


Message History

* * * LOW HITPOINT WARNING * * *
The death yak gores you!
* * * LOW HITPOINT WARNING * * *
It was a potion of might.
You feel very mighty all of a sudden.
The death yak burns!
The death yak gores you but does no damage.
The death yak gores you.
* * * LOW HITPOINT WARNING * * *
The death yak gores you.
* * * LOW HITPOINT WARNING * * *
You feel better.
The death yak burns!
The death yak gores you!
* * * LOW HITPOINT WARNING * * *
The death yak gores you but does no damage. x2
You puncture the death yak!
The death yak is severely wounded.
The death yak burns!
The death yak gores you but does no damage.
The death yak gores you!
You die...

#................
#................
#................
#................
#................
#...............<
#................
##.†..............
#r................
#YY)..............
#♣Y...............
##................
#................
#................
#................
#...............
#...............
#..............
###############


You could see 3 death yaks and a hell rat.

Vanquished Creatures
  8 yaks
  A wyvern (D:7)
  A hungry ghost (D:8)
  Duvessa (D:4)
  2 black bears
  5 sky beasts
  2 phantoms
  2 orc warriors
  A necrophage (D:9)
  6 ogres
  5 bullfrogs
  Dowan (D:4)
  3 scorpions
  A water moccasin skeleton (D:6)
  15 wights
  3 howler monkeys (D:9)
  A centaur zombie (D:5)
  6 crimson imps
  4 quasits
  3 orc priests
  3 hounds
  A bullfrog skeleton (D:9)
  A centaur skeleton (D:5)
  An iguana (D:9)
  2 orc wizards (D:7)
  7 worker ants
  A big kobold zombie (Ossuary)
  A hound zombie (D:6)
  A hound skeleton (D:4)
  8 mummies (Ossuary)
  A howler monkey zombie (D:7)
  3 gnolls (D:6)
  15 adders
  A shadow imp (D:7)
  2 oozes
  2 adder skeletons
  5 worms
  4 dart slugs
  2 leopard geckos
  21 orcs
  3 ball pythons
  6 giant cockroaches
  9 goblins
  5 hobgoblins
  12 jackals
  3 quokkas
  9 bats (D:1)
  5 frilled lizards
  3 gnoll zombies (Ossuary)
  3 hobgoblin zombies (Ossuary)
  A jackal skeleton (D:4)
  9 kobolds
  A leopard gecko zombie (D:8)
  An orc zombie (Ossuary)
  3 quokka zombies
  11 rats
237 creatures vanquished.

Vanquished Creatures (others)
  4 toadstools (D:2)
4 creatures vanquished.

Grand Total: 241 creatures vanquished

Notes
Turn   | Place    | Note
-------+----------+-------------------------------------------
     0 | D:1      | Garrluk the Ogre Fire Elementalist began the quest for the
                  | Orb.
     0 | D:1      | Reached XP level 1. HP: 16/16 MP: 3/3
    15 | D:1      | Reached skill level 1 in Conjurations
    86 | D:1      | Reached XP level 2. HP: 18/24 MP: 1/5
   414 | D:1      | Reached XP level 3. HP: 29/32 MP: 7/7
   574 | D:1      | Reached skill level 1 in Fighting
   694 | D:1      | Learned a level 3 spell: Conjure Flame
   845 | D:2      | Found a faded altar of an unknown god.
   904 | D:2      | Reached XP level 4. HP: 41/41 MP: 4/8
  1018 | D:2      | Found a hazy altar of Hepliaklqana.
  1054 | D:2      | Found a radiant altar of Vehumet.
  1059 | D:2      | Became a worshipper of Vehumet
  1105 | D:2      | Found a shadowy altar of Dithmenos.
  1448 | D:2      | Found a glowing silver altar of Zin.
  1448 | D:2      | Found a white marble altar of Elyvilon.
  1895 | D:3      | Reached XP level 5. HP: 18/49 MP: 1/9
  1904 | D:3      | Learned a level 4 spell: Sticky Flame
  1983 | D:3      | Found an ancient bone altar of Kikubaaqudgha.
  2506 | D:4      | Noticed a black bear
  2510 | D:4      | Killed a black bear
  2510 | D:4      | Reached XP level 6. HP: 44/61 MP: 6/11
  2543 | D:4      | Reached * piety under Vehumet
  2543 | D:4      | Offered knowledge of Magic Dart by Vehumet.
  2574 | D:4      | Found a glowing golden altar of the Shining One.
  2709 | D:4      | Noticed a phantom
  2728 | D:4      | Killed a phantom
  2728 | D:4      | Reached XP level 7. HP: 29/68 MP: 1/13
  3197 | D:4      | Noticed Duvessa
  3198 | D:4      | Noticed Dowan
  3238 | D:5      | Entered Level 5 of the Dungeon
  3433 | D:5      | Found a sand-covered staircase.
  3439 | Ossuary  | Entered an ossuary
  3766 | Ossuary  | Reached skill level 5 in Conjurations
  3790 | Ossuary  | Offered knowledge of Sandblast by Vehumet.
  3790 | Ossuary  | Reached XP level 8. HP: 79/79 MP: 6/15
  4037 | D:5      | Reached ** piety under Vehumet
  4107 | D:5      | Found a stormy altar of Qazlal.
  4113 | D:5      | Found a blossoming altar of Fedhas.
  4179 | D:5      | Learned a level 5 spell: Fireball
  4204 | D:5      | Reached skill level 5 in Fighting
  4204 | D:5      | Reached skill level 5 in Spellcasting
  4775 | D:6      | Reached skill level 5 in Fire Magic
  4916 | D:6      | Reached XP level 9. HP: 61/89 MP: 12/17
  4953 | D:6      | Offered knowledge of Ignite Poison by Vehumet.
  5453 | D:4      | Killed Duvessa
  5457 | D:4      | Killed Dowan
  5754 | D:4      | Reached *** piety under Vehumet
  6161 | D:7      | Offered knowledge of Throw Icicle by Vehumet.
  6565 | D:7      | Found a staircase to the Ecumenical Temple.
  6924 | D:8      | Found Meulalysh's Jewellery Emporium.
  7252 | D:8      | Reached XP level 10. HP: 104/104 MP: 15/20
  7361 | D:8      | Learned a level 3 spell: Mephitic Cloud
  7444 | D:9      | Reached **** piety under Vehumet
  7522 | D:9      | Offered knowledge of Olgreb's Toxic Radiance by Vehumet.
  7585 | D:9      | Found a shimmering altar of Xom.
  7646 | D:9      | Found a runed translucent door.
  7646 | D:9      | Found a shimmering altar of Xom.
  7646 | D:9      | Noticed Enish's ghost (novice MiBe)
  7647 | D:9      | Noticed a +0 long sword of chaos
  8356 | D:10     | Entered Level 10 of the Dungeon
  8425 | D:10     | Noticed a death yak
  8427 | D:10     | Noticed a death yak
  8431 | D:10     | Noticed a death yak
  8433 | D:10     | HP: 1/160 [death yak (13)]
  8439 | D:10     | HP: 6/160 [death yak (6)]
  8439 | D:10     | HP: 2/160 [death yak (4)]
  8441 | D:10     | Slain by a death yak

Skill      XL: |  1  2  3  4  5  6  7  8  9 10 |
---------------+-------------------------------+-----
Conjurations   | 1 2 3 4 5 6 8 9 |  9.3
Fire Magic     | 3 4 5 6 7 |  7.0
Fighting       | 1 2 3 4 6 7 9 |  9.1
Spellcasting   | 3 4 5 7 8 |  8.1
Dodging        | |  1.7
Stealth        | |  1.4

Action                   |  1- 3 |  4- 6 |  7- 9 | 10-12 || total
-------------------------+-------+-------+-------+-------++-------
Melee: Dagger            |    33 |       |       |       ||    33
       Short sword       |    41 |    57 |    15 |       ||   113
       Dire flail        |       |       |   121 |    82 ||   203
 Cast: Flame Tongue      |    40 |    74 |   213 |    38 ||   365
       Conjure Flame     |       |     4 |     2 |       ||     6
       Sticky Flame      |       |     2 |    20 |    11 ||    33
       Fireball          |       |       |     1 |    14 ||    15
Evoke: Lightning rod     |       |       |       |     4 ||     4
  Use: Potion            |       |     4 |       |     7 ||    11
 Stab: Sleeping          |     2 |     1 |     3 |       ||     6
  Eat: Ration            |     1 |       |     1 |       ||     2
       Chunk             |     1 |     7 |    26 |     6 ||    40
Armor: Robe              |    62 |     9 |    56 |    46 ||   173
       Skin              |       |       |       |    26 ||    26
Dodge: Dodged            |    82 |    46 |   168 |    90 ||   386
